 Dungeon Crawl Stone Soup version 0.29.1-15-g9cfb28693d (webtiles) character file.

Game seed: 14426765023406861409

7052 DemonSlayer the Thaumaturge (level 10, -4/69 HPs)
             Began as a Demonspawn Earth Elementalist on Feb 28, 2023.
             Was a High Priest of Cheibriados.
             Slain by a troll (6 damage)
             ... on level 10 of the Dungeon.
             The game lasted 00:26:48 (11917 turns).

DemonSlayer the Thaumaturge (DsEE)                 Turns: 11917, Time: 00:26:48

Health: -4/69      AC: 11    Str: 23    XL:     10   Next: 83%
Magic:  24/24      EV: 15    Int: 28    God:    Cheibriados [*****.]
Gold:   67         SH:  0    Dex: 25    Spells: 20/30 levels left

rFire   + . .      SeeInvis .   I - +6 flail "Orchiv" {freeze, Stlth+}
rCold   . . .      Faith    .   p - orb {*channel}
rNeg    . . .      Spirit   .   x - +0 steam dragon scales
rPois   .          Reflect  .   J - +1 hat
rElec   .          Harm     .   (no cloak)
rCorr   .          Rampage  .   A - +0 pair of gloves
Will    .....                   z - +2 pair of boots {Stlth+}
Stlth   +++.......              (no amulet)
HPRegen 0.21/turn               f - ring of protection from fire
MPRegen 0.19/turn               r - ring of flight

@: confused, ambrosia-drunk, flying, very slow
A: horns 2, rugged brown scales 1, ignite blood 2, spiny 1
a: Renounce Religion, Bend Time, Temporal Distortion, Slouch, Step From Time


You were on level 10 of the Dungeon.
You worshipped Cheibriados.
Cheibriados was extremely pleased with you.
You visited 2 branches of the dungeon, and saw 11 of its levels.

You collected 478 gold pieces.
You spent 411 gold pieces at shops.

Inventory:

Hand Weapons
 i - the +4 dagger "Morg" {pain, Will+ Int+5}
   (You found it on level 4 of the Dungeon)

   In the hands of one skilled in necromantic magic, it inflicts extra damage on
   living creatures.
   Int:       It affects your intelligence (+5).
   Will:      It increases your willpower.
 v - a +2 quick blade
 I - the +6 flail "Orchiv" (weapon) {freeze, Stlth+}
   (You bought it in a shop on level 2 of the Dungeon)

   It freezes those it strikes, dealing additional cold damage.
   It can also slow down cold-blooded creatures.
   Stlth:     It makes you more stealthy.
Missiles
 n - 3 throwing nets
 s - 7 curare-tipped darts
Armour
 p - an orb of energy (worn)
 x - +0 steam dragon scales (worn)
 z - a +2 pair of boots of stealth (worn)
 A - a +0 pair of gloves (worn)
 H - a +0 robe of fire resistance
 J - a +1 hat (worn)
Jewellery
 f - a ring of protection from fire (left hand)
 r - a ring of flight (right hand)
 t - a ring of resist corrosion
 D - a ring of wizardry
 F - a ring of ice
 K - a +6 ring of strength
Wands
 k - a wand of roots (21)
 y - a wand of light (18)
Scrolls
 c - a scroll of vulnerability
 e - a scroll of torment
 g - 2 scrolls of poison
 h - a scroll of immolation
 l - 4 scrolls of enchant armour
 q - a scroll of fear
 u - 4 scrolls of teleportation
Potions
 a - a potion of heal wounds {unknown}
 b - 2 potions of magic
 d - a potion of flight
 j - 3 potions of mutation
 m - a potion of brilliance
 o - 6 potions of might
 w - a potion of ambrosia
 B - 2 potions of curing
 C - a potion of lignification {unknown}
 E - 2 potions of attraction {unknown}


   Skills:
 + Level 2.2 Fighting
 + Level 1.6 Short Blades
 + Level 4.2 Dodging
 + Level 4.0 Stealth
 + Level 10.6 Spellcasting
 + Level 0.8 Transmutations
 + Level 10.0 Earth Magic


You had 20 spell levels left.
You knew the following spells:

 Your Spells              Type           Power      Damage    Failure   Level
a - Sandblast             Erth           100%       2d20      1%          1
b - Passwall              Tmut/Erth      37%        N/A       1%          2
c - Stone Arrow           Conj/Erth      84%        3d12      1%          3
d - Petrify               Tmut/Erth      45%        N/A       4%          4

Your spell library contained the following spells:

 Spells                   Type           Power      Damage    Failure   Level
 Poisonous Vapours        Pois/Air       28%        N/A       6%          2
 Ozocubu's Armour         Ice            14%        N/A       12%         3
 Portal Projectile        Hex/Tloc       28%        N/A       12%         3
 Tukima's Dance           Hex            14%        N/A       12%         3
 Ice Form                 Ice/Tmut       17%        N/A       30%         4
 Animate Dead             Necr           14%        N/A       36%         4
 Corpse Rot               Necr/Pois/Air  14%        N/A       36%         4
 Hailstorm                Conj/Ice       14%        3d5       36%         4
 Blade Hands              Tmut           9%         N/A       58%         5
 Fireball                 Conj/Fire      7%         3d5       71%         5
 Iskenderun's Battlesphe  Conj           14%        2d7       71%         5
 Conjure Ball Lightning   Conj/Air       7%         3x3d6     99%         6
 Simulacrum               Ice/Necr       7%         N/A       99%         6
 Haunt                    Necr/Summ      7%         N/A       100%        7
 Orb of Destruction       Conj           7%         9d6       100%        7
 Ozocubu's Refrigeration  Ice            7%         4d9       100%        7
 Infestation              Necr           7%         N/A       100%        8


Dungeon Overview and Level Annotations

Branches:
Dungeon (10/15)            Temple (1/1) D:4             Orc (0/2) D:10
   Lair: D:8-11

Altars:
Cheibriados
Dithmenos
Fedhas
Gozag
Hepliaklqana
Kikubaaqudgha
Qazlal
Ru
Sif Muna
Trog
Vehumet
Wu Jian
Xom

Shops:
D:2 (   D:6 *[(


Innate Abilities, Weirdness & Mutations

You have a pair of horns on your head.
You are partially covered in rugged brown scales. (AC +1, +3% HP)
Your demonic aura often causes spilled blood to erupt in flames.
You are partially covered in sharp spines.


Message History

Casting: Sandblast (safe; 1% risk of failure)
Confirm with . or Enter, or press ? or * to list all spells.
Aiming: Sandblast (safe; 1% risk of failure)
Press: ? - help, Shift-Dir - straight line, f/p - troll
Aim: a troll (almost dead, 85% to hit)
The blast of sand hits the troll!
You kill the troll!
Cheibriados thoroughly appreciates the change of pace.
The troll leather armour is intact enough to wear.
The troll is struck by your spines. The troll completely misses you.
The troll claws you!
* * * LOW HITPOINT WARNING * * *
The troll claws you.
* * * LOW HITPOINT WARNING * * *
Your Earth Magic skill increases to level 10!
An orc warrior comes into view. It is wielding a +0 dire flail.
You are confused.
You feel invigorated. The troll is struck by your spines.
The troll bites you but does no damage. The troll claws you.
* * * LOW HITPOINT WARNING * * *
The troll claws you.
* * * LOW HITPOINT WARNING * * *
The troll bites you.
* * * LOW HITPOINT WARNING * * *
The troll barely misses you. The troll claws you.
* * * LOW HITPOINT WARNING * * *
You're too confused to move!
The yak is struck by your spines. The yak gores you!
* * * LOW HITPOINT WARNING * * *
The troll bites you.
* * * LOW HITPOINT WARNING * * *
The troll claws you but does no damage. The troll misses you.
The troll is struck by your spines. The troll closely misses you.
The troll claws you but does no damage. x2
You are too confused!
The troll attacks as you move away! The troll is struck by your spines.
The troll completely misses you. The troll claws you!
* * * LOW HITPOINT WARNING * * *
The troll claws you.
You die...

.............# #..#..
.......c.#..## .....#.
.##......##.###.......
........###.........#
........###....##...#..
........[........(.##..
........##.............
.....##.#...#.°Y.....#
....###.....#.T@.....#.
.#.. #.................
#. #................. #
...........<...(...
....#...............
###.##[...........#. .
#............#
##.##.#.....## ##
#.#..#...#


You could see a yak and a troll.

Vanquished Creatures
  Pikel (D:8)
  2 trolls
  2 steam dragons (D:7)
  12 yaks
  3 water moccasins
  An ice beast (D:6)
  A black bear (D:7)
  4 sky beasts (D:7)
  An orc warrior (D:9)
  2 ogres (D:6)
  A centaur (D:10)
  2 phantoms
  6 kobold brigands
  4 bullfrogs
  A gnoll sergeant (D:9)
  A necrophage (D:5)
  3 scorpions
  3 wights (D:8)
  14 killer bees
  A howler monkey (D:9)
  3 orc priests
  A hound (D:5)
  Natasha (thrice) (D:3)
  4 iguanas
  8 orc wizards
  A hound zombie (D:4)
  2 hound skeletons (D:4)
  23 gnolls
  8 adders
  2 shadow imps
  A howler monkey simulacrum (D:4)
  2 ufetubi
  2 adder zombies (D:4)
  3 worms
  A dart slug (D:5)
  27 orcs
  6 ball pythons
  4 bats
  An endoplasm (D:2)
  5 giant cockroaches
  6 goblins
  6 hobgoblins
  5 jackals (D:1)
  A quokka (D:1)
  2 frilled lizards
  36 kobolds
  6 rats
234 creatures vanquished.

Vanquished Creatures (others)
  A fungus (D:6)
  4 plants
  19 withered plants (D:4)
24 creatures vanquished.

Grand Total: 258 creatures vanquished

Notes
Turn   | Place    | Note
-------+----------+-------------------------------------------
     0 | D:1      | DemonSlayer the Demonspawn Earth Elementalist began the
                  | quest for the Orb.
     0 | D:1      | Reached XP level 1. HP: 13/13 MP: 3/3
    59 | D:1      | Found a faded altar of an unknown god.
   323 | D:1      | You fall into a shaft and drop 1 floor!
   612 | D:2      | Gained mutation: You are partially covered in sharp spines.
                  | [demonic ancestry]
   612 | D:2      | Reached XP level 2. HP: 19/19 MP: 3/5
   767 | D:2      | Gained mutation: You have a pair of small horns on your
                  | head. [demonic ancestry]
   767 | D:2      | Reached XP level 3. HP: 23/24 MP: 3/6
   994 | D:2      | Found Meenn's Antique Weapon Boutique.
  2331 | D:3      | Noticed Natasha
  2337 | D:3      | Killed Natasha
  2338 | D:3      | Gained mutation: You are partially covered in rugged brown
                  | scales. (AC +1, +3% HP) [demonic ancestry]
  2338 | D:3      | Reached XP level 4. HP: 12/30 MP: 2/8
  2581 | D:3      | Found a sacrificial altar of Ru.
  2636 | D:3      | Found a shadowy altar of Dithmenos.
  2750 | D:3      | Noticed Natasha
  2758 | D:3      | Killed Natasha
  2914 | D:3      | Noticed Natasha
  2920 | D:3      | Killed Natasha
  2921 | D:3      | Reached XP level 5. HP: 36/36 MP: 6/10
  3301 | D:3      | Learned a level 2 spell: Passwall
  3305 | D:3      | Learned a level 3 spell: Stone Arrow
  3310 | D:3      | Learned a level 4 spell: Petrify
  3369 | D:4      | Noticed a phantom
  3371 | D:4      | Found the +4 dagger "Morg" {pain, Will+ Int+5}
  3395 | D:4      | Killed a phantom
  3403 | D:4      | Gained mutation: Your demonic aura sometimes causes spilled
                  | blood to erupt in flames. [demonic ancestry]
  3403 | D:4      | Reached XP level 6. HP: 11/42 MP: 1/12
  4252 | D:4      | Reached skill level 5 in Earth Magic
  4350 | D:5      | Entered Level 5 of the Dungeon
  4594 | D:4      | Found a staircase to the Ecumenical Temple.
  4710 | D:4      | Gained mutation: You have a pair of horns on your head.
                  | [demonic ancestry]
  4710 | D:4      | Reached XP level 7. HP: 48/48 MP: 9/14
  4746 | Temple   | Entered the Ecumenical Temple
  4774 | Temple   | Became a worshipper of Cheibriados the Contemplative
  5047 | D:5      | Reached skill level 5 in Spellcasting
  5436 | D:5      | Reached skill level 1 in Fighting
  5504 | D:5      | Noticed a troll
  5509 | D:5      | Killed a troll
  5510 | D:5      | Gained mutation: Your demonic aura often causes spilled
                  | blood to erupt in flames. [demonic ancestry]
  5510 | D:5      | Reached XP level 8. HP: 12/55 MP: 11/17
  6149 | D:5      | Reached * piety under Cheibriados
  6705 | D:6      | Found a stormy altar of Qazlal.
  6708 | D:6      | Found a blossoming altar of Fedhas.
  6773 | D:6      | Found Iddy's Weapon Shop.
  6775 | D:6      | Found Mufuopaann's Antique Armour Shoppe.
  6775 | D:6      | Found Koaf's General Store.
  6914 | D:6      | Bought a pair of embroidered boots for 202 gold pieces
  6921 | D:6      | Bought a scroll of teleportation for 39 gold pieces
  7382 | D:6      | Reached ** piety under Cheibriados
  7670 | D:6      | Reached XP level 9. HP: 60/60 MP: 16/20
  8585 | D:7      | Reached *** piety under Cheibriados
  8646 | D:7      | Reached skill level 1 in Short Blades
  8862 | D:7      | Reached **** piety under Cheibriados
  8867 | D:7      | Reached XP level 10. HP: 57/69 MP: 13/23
  9521 | D:8      | Noticed Pikel
  9529 | D:8      | Killed Pikel
  9530 | D:8      | Reached skill level 10 in Spellcasting
  9792 | D:8      | Found an opulent altar of Gozag.
 10522 | D:9      | Reached ***** piety under Cheibriados
 10547 | D:9      | Noticed a two-headed ogre
 11142 | D:2      | Bought a twisted flail for 170 gold pieces
 11142 | D:2      | Identified the +6 flail "Orchiv" {freeze, Stlth+} (You
                  | bought it in a shop on level 2 of the Dungeon)
 11452 | D:9      | Found a hazy altar of Hepliaklqana.
 11880 | D:10     | Entered Level 10 of the Dungeon
 11888 | D:10     | Found a staircase to the Orcish Mines.
 11909 | D:10     | Reached skill level 10 in Earth Magic
 11915 | D:10     | HP: 1/69 [troll (6)]
 11917 | D:10     | Slain by a troll

Illustrated notes

Levels and vault maps discovered:
D:1:      dpeg_arrival_brainrot, layout_loops_ring,
          hellmonk_ecumenical_altar_heavens_door, minmay_pentomino_x2
D:2:      layout_basic, serial_shops, shop
D:3:      layout_basic, nicolae_ru_path_of_blood,
          nicolae_dithmenos_shadow_blocks, uniq_natasha
D:4:      layout_rooms, minmay_temple_entry_offerings, gup_sewer_entry_glass,
          serial_bayou_pond_a, dilly_guarded_unrand_morg, uniq_edmund
D:5:      layout_loops_ring, old_standard_altar, grunt_decor_junction
D:6:      layout_loops_ring, grunt_temple_overflow_forces_of_nature,
          nicolae_wooded_promenade
D:7:      layout_basic, hangedman_misty_isle
D:8:      layout_basic, lemuel_tele_altar, uniq_pikel
D:9:      layout_basic, mainiacjoe_overflow_alcove_1
D:10:     layout_cave_pools, zin_statuary, orc_0_dummy,
          hangedman_abyss_or_decor_clamps, minmay_circle_x
Temple:   eino_temple_water

Skill      XL: |  1  2  3  4  5  6  7  8  9 10 |
---------------+-------------------------------+-----
Dodging        | 2 3 4 |  4.2
Earth Magic    | 3 4 5 6 7 8 10 | 10.0
Stealth        | 2 3 4 |  4.0
Spellcasting   | 3 4 6 7 9 10 | 10.6
Fighting       | 1 2 |  2.2
Short Blades   | 1 |  1.6
Transmutations | |  0.8

Action                   |  1- 3 |  4- 6 |  7- 9 | 10-12 || total
-------------------------+-------+-------+-------+-------++-------
Melee: Short sword       |     5 |       |       |       ||     5
       Dagger            |       |     8 |    29 |     6 ||    43
       Headbutt          |       |       |     8 |     1 ||     9
       Flail             |       |       |       |     2 ||     2
 Cast: Sandblast         |    56 |    81 |   149 |    81 ||   367
  Use: Scroll            |       |     9 |     8 |     3 ||    20
       Potion            |       |     2 |       |     2 ||     4
 Stab: Sleeping          |       |     1 |     3 |     1 ||     5
Armor: Robe              |     2 |    11 |    21 |       ||    34
       Steam dragon scal |       |       |     2 |    26 ||    28
Dodge: Dodged            |    13 |    30 |    57 |    59 ||   159
